 Dungeon Crawl Stone Soup version 0.21.1 (webtiles) character file.

755 Rrauwl the Ducker (level 7, -1/49 HPs)
             Began as an Octopode Fighter on Feb 3, 2018.
             Was an Initiate of Nemelex Xobeh.
             Slain by a sky beast (6 damage)
             ... on level 6 of the Dungeon.
             The game lasted 00:16:10 (5897 turns).

Rrauwl the Ducker (Octopode Fighter)                Turns: 5897, Time: 00:16:10

Health: -1/49      AC:  1    Str: 15    XL:     7   Next: 79%
Magic:  8/8        EV: 12    Int: 10    God:    Nemelex Xobeh [......]
Gold:   356        SH: 14    Dex: 14    Spells: 6/6 levels left

rFire    . . .     SeeInvis .   a - +1 war axe
rCold    . . .     Gourm    +   l - +0 large shield
rNeg     . . .     Faith    .   (helmet restricted)
rPois    .         Spirit   .   b - amulet of the gourmand
rElec    .         Reflect  .   (no ring)
rCorr    .         Harm     .   (no ring)
MR       .....                  (no ring)
Stlth    ++........             (no ring)
HPRegen  0.16/turn              (no ring)
MPRegen  0.11/turn              (no ring)
                                (no ring)
                                (no ring)

@: no status effects
A: almost no armour, stealthy swim, amphibious, 8 rings, constrict 8, camouflage
1, gelatinous body 1
a: Renounce Religion


You were on level 6 of the Dungeon.
You worshipped Nemelex Xobeh.
Nemelex Xobeh was noncommittal.
You were completely stuffed.

You visited 2 branches of the dungeon, and saw 7 of its levels.

You collected 356 gold pieces.

Inventory:

Hand Weapons
 a - a +1 war axe (weapon)
 c - a +0 whip of venom
Armour
 l - a +0 large shield (worn)
Jewellery
 b - an amulet of the gourmand (around mantle)
Wands
 h - a wand of paralysis (7)
Scrolls
 d - 2 scrolls of enchant armour
 f - 2 scrolls of teleportation
 g - 2 scrolls of amnesia
 i - 6 scrolls of identify
 n - a scroll of blinking
Books
 k - a book of Necromancy

   Spells                             Type                      Level
   a - Pain                           Necromancy                   1
   b - Animate Skeleton               Necromancy                   1
   c - Vampiric Draining              Necromancy                   3
   d - Regeneration                   Charms/Necromancy            3
   e - Animate Dead                   Necromancy                   4
   f - Borgnjor's Vile Clutch         Necromancy/Earth             5
Miscellaneous
 j - a plain deck of escape
Comestibles
 e - a ration
 m - 3 chunks of flesh


   Skills:
 + Level 4.9 Fighting
 + Level 4.4 Axes
 + Level 5.0 Dodging
 + Level 5.0 Shields
 + Level 2.2 Evocations


You had 6 spell levels left.
You didn't know any spells.

Dungeon Overview and Level Annotations

Branches:
Dungeon (6/15)             Temple (1/1) D:5

Altars:
Ashenzari
Dithmenos
Fedhas
Gozag
Kikubaaqudgha
Nemelex Xobeh
Qazlal
Ru
Sif Muna
Uskayaw
Vehumet
Wu Jian
Xom
Yredelemnul
Zin
The Shining One

Shops:
D:4 (   D:5 %


Innate Abilities, Weirdness & Mutations

You cannot wear most types of armour.
You are very stealthy in the water. (Stealth+)
You are amphibious.
You can wear up to eight rings at the same time.
You can use your tentacles to constrict eight enemies at once.
Your skin changes colour to match your surroundings (Stealth+).
Your rubbery body absorbs attacks. (AC +1, EV +1)


Message History

The sky beast hits you. The sky beast shocks you. The sky beast hits you.
The sky beast shocks you.
You are too injured to fight recklessly!
You hit the sky beast but do no damage.
The sky beast is almost dead.
You block the sky beast's attack.
You closely miss the sky beast. Your squeeze misses the sky beast.
The sky beast is almost dead.
The sky beast hits you. The sky beast shocks you.
You barely miss the sky beast.
The sky beast is almost dead.
The sky beast flickers out of sight!
Deactivating autopickup; reactivate with Ctrl-A.
Something hits you. Something shocks you.
* * * LOW HITPOINT WARNING * * *
Something hits you.
* * * LOW HITPOINT WARNING * * *
Something shocks you.
You die...
Your body disappears without a glow.

.. ####. ...#
.... .......
... #......#
..##......#
..#......#
#{#.......
###@........
#...........
#.##..####. #.
##.##
####+###..#
........#.##
.........#..#
............#
......#....##.#


There were no monsters in sight!

Vanquished Creatures
  A phantom (D:4)
  A howler monkey (D:6)
  A crimson imp (D:5)
  A hound (D:4)
  2 orc priests
  2 iguanas
  3 orc wizards
  5 worker ants
  A hound zombie (D:5)
  2 hound skeletons
  A howler monkey zombie (D:5)
  5 adders
  4 shadow imps
  4 worms
  3 dart slugs
  3 leopard geckos
  22 orcs
  4 giant cockroaches
  4 goblins
  5 hobgoblins
  10 jackals
  4 kobolds
  A quokka (D:3)
  2 ball pythons
  4 bats
  8 frilled lizards
  A jackal skeleton (D:4)
  A quokka skeleton (D:4)
  5 rats
  A plant (D:3)
111 creatures vanquished.

Vanquished Creatures (others)
  4 toadstools (D:1)
4 creatures vanquished.

Grand Total: 115 creatures vanquished

Notes
Turn   | Place    | Note
-------+----------+-------------------------------------------
     0 | D:1      | Rrauwl the Octopode Fighter began the quest for the Orb.
     0 | D:1      | Reached XP level 1. HP: 16/16 MP: 1/1
   238 | D:1      | Reached XP level 2. HP: 21/21 MP: 2/2
   930 | D:2      | Reached XP level 3. HP: 23/26 MP: 3/3
  1414 | D:2      | Reached XP level 4. HP: 29/31 MP: 4/4
  1813 | D:3      | Found a transporter.
  1849 | D:3      | Found a transporter.
  1889 | D:3      | Reached XP level 5. HP: 30/37 MP: 5/5
  2599 | D:4      | Noticed a phantom
  3050 | D:4      | Reached XP level 6. HP: 11/43 MP: 6/6
  3072 | D:4      | Killed a phantom
  3862 | D:4      | Reached skill level 1 in Evocations
  3866 | D:4      | Reached XP level 7. HP: 45/49 MP: 7/7
  3929 | D:4      | Found an ornate altar of the Wu Jian Council.
  4095 | D:4      | Found Ynarho's Weapon Emporium.
  4141 | D:5      | Entered Level 5 of the Dungeon
  4157 | D:5      | Found a shattered altar of Ashenzari.
  4220 | D:5      | Found Urries's Food Emporium.
  4721 | D:5      | Found a staircase to the Ecumenical Temple.
  4730 | Temple   | Entered the Ecumenical Temple
  4914 | Temple   | Became a worshipper of Nemelex Xobeh the Trickster
  5019 | D:5      | Received a gift from Nemelex Xobeh
  5101 | D:5      | Found a deep blue altar of Sif Muna.
  5772 | D:6      | Reached skill level 5 in Dodging
  5871 | D:6      | Reached skill level 5 in Shields
  5897 | D:6      | Slain by a sky beast

Skill      XL: |  1  2  3  4  5  6  7 |
---------------+----------------------+-----
Axes           | 3 4 |  4.4
Dodging        | 4 5 |  5.0
Fighting       | 4 |  4.9
Shields        | 4 5 |  5.0
Evocations     | 1 2 |  2.2

Action                   |  1- 3 |  4- 6 |  7- 9 || total
-------------------------+-------+-------+-------++-------
Melee: War axe           |    58 |   101 |    68 ||   227
       Constrict         |    16 |    30 |    16 ||    62
       Tentacles         |    11 |    22 |    13 ||    46
       Whip              |       |     2 |       ||     2
Evoke: Wand              |       |     8 |       ||     8
  Use: Scroll            |     4 |     1 |     5 ||    10
       Potion            |     2 |     5 |     1 ||     8
 Stab: Sleeping          |     4 |     6 |     4 ||    14
  Eat: Chunk             |     1 |     1 |    14 ||    16
       Ration            |       |     2 |     1 ||     3
Armor: Skin              |     4 |     6 |     1 ||    11
Dodge: Dodged            |    19 |    59 |    23 ||   101
Block: Shield            |    18 |    46 |    15 ||    79
       Large shield      |       |       |    18 ||    18
